 Dungeon Crawl Stone Soup version 0.20-a0-640-g62ed22f (webtiles) character file.

170 nikopol the Skirmisher (level 5, 0/47 HPs)
             Began as a Minotaur Berserker on Feb 11, 2017.
             Was a Believer of Trog.
             Slain by Grinder (1 damage)
             ... on level 3 of the Dungeon on Feb 12, 2017.
             The game lasted 00:07:54 (2233 turns).

nikopol the Skirmisher (Minotaur Berserker)         Turns: 2233, Time: 00:07:55

Health: 0/47       AC:  7    Str: 22    XL:     5   Next: 25%
Magic:  4/4        EV: 11    Int:  4    God:    Trog [**....]
Gold:   116        SH:  0    Dex: 10    Spells: 4/4 levels left

rFire    . . .     SeeInvis .   a - +0 hand axe
rCold    . . .     Gourm    .   e - +0 scale mail
rNeg     . . .     Faith    .   (no shield)
rPois    .         Spirit   .   (helmet restricted)
rElec    .         Reflect  .   (no cloak)
rCorr    .         Harm     .   (no gloves)
MR       .....                  (no boots)
Stlth    ..........             m - amulet of inaccuracy (curse)
Regen    0.2/turn               (no ring)
MPRegen  0.1/turn               (no ring)

@: exhausted, slowed, very slow
A: retaliatory headbutt, horns 2
a: Berserk, Trog's Hand, Burn Spellbooks, Renounce Religion


You were on level 3 of the Dungeon.
You worshipped Trog.
Trog was pleased with you.
You were very hungry.

You visited 1 branch of the dungeon, and saw 3 of its levels.

You collected 116 gold pieces.

Inventory:

Hand Weapons
 a - a +0 hand axe (weapon)
Armour
 b - a +0 animal skin
 e - a +0 scale mail (worn)
 o - a cursed +0 cloak
Jewellery
 m - a cursed amulet of inaccuracy (around neck)
Wands
 l - a wand of iceblast (10/15)
Scrolls
 d - 2 scrolls of identify {unknown}
 g - 3 scrolls of teleportation {unknown}
 h - a scroll of amnesia {unknown}
 p - a scroll of enchant armour {unknown}
Potions
 j - a potion of resistance {unknown}
 k - a potion of flight {unknown}
Comestibles
 c - 5 bread rations
 f - a fruit
 i - 2 royal jellies


   Skills:
 + Level 4.6 Fighting
 + Level 4.6 Axes
 + Level 4.1 Armour
 + Level 3.6 Dodging


You had 4 spell levels left.
You didn't know any spells.

Dungeon Overview and Level Annotations

Branches:
Dungeon (3/15)

Altars:
Qazlal
Yredelemnul

Annotations:
D:3 Grinder


Innate Abilities, Weirdness & Mutations

You reflexively headbutt those who attack you in melee.
You have a pair of horns on your head.


Message History

You barely miss Grinder. Your headbutt misses Grinder.
Grinder is heavily wounded.
You closely miss Grinder. You headbutt Grinder.
Grinder is severely wounded.
Grinder blinks!
You feel a strong urge to attack something.
Grinder gestures at you. You resist with significant effort.
You feel your anger subside.
You are no longer berserk.
You are exhausted.
You feel yourself slow down.
You closely miss Grinder. Your headbutt misses Grinder.
Grinder is severely wounded.
Grinder hits you but does no damage.
You closely miss Grinder.
Grinder is severely wounded.
Grinder hits you!
* * * LOW HITPOINT WARNING * * *
You writhe in agony.
You die...

#.#.#...#.#.#
# #.....#.#.#
###.#.#.#.# .
#.#.#.#
.....#.#.#
..#..#.#.#
.........#
#.#######.#
#..5@.....#
###########


You could see Grinder.

Vanquished Creatures
  Natasha (thrice) (D:2)
  4 adders (D:2)
  An ooze (D:2)
  A worm (D:3)
  A dart slug (D:1)
  A leopard gecko (D:2)
  An orc (D:3)
  2 ball pythons (D:2)
  2 giant cockroaches (D:3)
  6 goblins
  5 hobgoblins
  4 jackals (D:2)
  7 kobolds
  A quokka (D:2)
  6 bats
  3 frilled lizards
  3 rats
51 creatures vanquished.

Notes
Turn   | Place    | Note
-------+----------+-------------------------------------------
     0 | D:1      | nikopol the Minotaur Berserker began the quest for the Orb.
     0 | D:1      | Reached XP level 1. HP: 19/19 MP: 0/0
   174 | D:1      | Upgraded the game from 0.20-a0-633-gff4aa5c to 0.20-a0-640-g62ed22f
   187 | D:1      | Reached XP level 2. HP: 24/27 MP: 1/1
   411 | D:2      | Found a basalt altar of Yredelemnul.
   524 | D:2      | Reached XP level 3. HP: 33/33 MP: 2/2
   636 | D:2      | Noticed Natasha
   641 | D:2      | Killed Natasha
   669 | D:2      | Reached ** piety under Trog
   704 | D:2      | Reached XP level 4. HP: 16/40 MP: 3/3
   730 | D:2      | HP: 2/40 [poisoned by an adder]
  1163 | D:2      | Noticed Natasha
  1175 | D:2      | Killed Natasha
  1412 | D:2      | Noticed Natasha
  1419 | D:2      | Killed Natasha
  1419 | D:2      | Reached XP level 5. HP: 35/47 MP: 4/4
  1740 | D:2      | Found a stormy altar of Qazlal.
  2207 | D:3      | Noticed Grinder
  2233 | D:3      | HP: 1/47 [Grinder (8)]
  2233 | D:3      | Slain by Grinder

Vault maps used:
D:1:      lordsloth_arrival_two_stooges
D:2:      nicolae_qazlal_eye_of_the_storm, lemuel_round_altar, minivault_4,
          minivault_19, minmay_pentomino_p2, uniq_natasha
D:3:      uniq_grinder, uniq_iyjb

Skill      XL: |  1  2  3  4 |
---------------+-------------+-----
Armour         | 3 4 |  4.1
Fighting       | 4 |  4.6
Axes           | 4 |  4.6
Dodging        | 3 |  3.6

Action                   |  1- 3 |  4- 6 || total
-------------------------+-------+-------++-------
Melee: Hand axe          |    70 |   106 ||   176
       Headbutt          |     5 |     8 ||    13
Invok: Berserk           |       |     2 ||     2
  Eat: Chunk             |       |     5 ||     5
Armor: Scale mail        |    29 |    43 ||    72
Dodge: Dodged            |    44 |    73 ||   117
